 Dungeon Crawl Stone Soup version 0.17-a0-1582-ge6b0260 (webtiles) character file.

3112 Chiseanne the Fighter (level 9, 0/78 HPs)
             Began as a Demonspawn Wanderer on July 27, 2015.
             Was an Initiate of Gozag.
             Slain by an ogre
             ... wielding a +0 giant club
              (12 damage)
             ... on level 8 of the Dungeon.
             The game lasted 00:26:51 (8383 turns).

Chiseanne the Fighter (Demonspawn Wanderer)         Turns: 8383, Time: 00:26:51

Health: 0/78       AC: 14    Str: 13    XL:     9   Next: 60%
Magic:  18/18      EV:  6    Int: 16    God:    Gozag
Gold:   183        SH:  0    Dex: 13    Spells: 0 memorised, 8 levels left

rFire  + . .     SeeInvis .     s - +3 flail
rCold  . . .     Clarity  .     z - +0 chain mail {rF+}
rNeg   . . .     SustAt   .     (no shield)
rPois  .         Gourm    .     c - +0 helmet
rElec  .         Spirit   .     (no cloak)
rCorr  .         Warding  .     e - +1 pair of gloves
rMut   .         Stasis   .     (no boots)
MR     .....                    i - amulet of regeneration
Stlth  ..........               (no ring)
                                t - ring of magical power

@: not resistant to hostile enchantments, extremely unstealthy
A: claws 1, talons 1, demonic guardian 1, powered by pain 2
a: Potion Petition, Call Merchant, Bribe Branch, Renounce Religion


You were on level 8 of the Dungeon.
You worshipped Gozag.
Gozag was noncommittal.
You were not hungry.

You visited 2 branches of the dungeon, and saw 9 of its levels.
You also visited: Sewer.

You collected 1188 gold pieces.
You spent 960 gold pieces at shops.
You paid 45 gold pieces to Gozag.

Inventory:

Hand weapons
 a - a +2 hand axe
 s - a +3 flail (weapon)
 v - a +0 broad axe
 w - a +0 blowgun
Missiles
 g - 116 arrows
 p - 18 tomahawks (quivered)
 r - 80 poisoned needles
 u - 93 bolts
 B - 19 sling bullets
Armour
 c - a +0 helmet (worn)
 e - a +1 pair of gloves (worn)
 z - a +0 chain mail of fire resistance (worn)
Jewellery
 i - an amulet of regeneration (around neck)
 j - an uncursed ring of ice
 t - a ring of magical power (left hand)
Magical devices
 k - a wand of hasting (6)
 F - a wand of disintegration (0)
Scrolls
 x - 2 scrolls of teleportation
 y - 3 scrolls of remove curse
 C - a scroll of fog
 E - a scroll of amnesia
 G - a scroll of identify
Potions
 f - 2 potions of flight {unknown}
 h - 2 potions of heal wounds {unknown}
 l - a potion of curing
 m - a potion of brilliance {unknown}
 n - a potion of magic {unknown}
 q - 2 potions of might {unknown}
 A - a potion of haste {unknown}
 D - a potion of degeneration {unknown}
Books
 b - Lee's Catalogue of Arcane Weapons and the Birds

   Spells                             Type                      Level
   a - Shock                          Conjuration/Air              1
   b - Static Discharge               Conjuration/Air              3
Miscellaneous
 o - a box of beasts
Comestibles
 d - 2 meat rations


   Skills:
 - Level 10.0 Fighting
 - Level 2.6 Axes
 + Level 8.5 Armour
   Level 1.7 Shields
   Level 1.0 Transmutations
   Level 1.7 Earth Magic


You had 8 spell levels left.
You didn't know any spells.

Dungeon Overview and Level Annotations

Branches:
Dungeon (8/15)             Temple (1/1) D:4
   Lair: D:8-11

Altars:
Ashenzari
Cheibriados
Dithmenos
Elyvilon
Fedhas
Gozag
Kikubaaqudgha
Makhleb
Nemelex Xobeh
Okawaru
Qazlal
Ru
Sif Muna
Trog
Vehumet
Yredelemnul
Zin
The Shining One

Shops:
D:7 }


Innate Abilities, Weirdness & Mutations

You have sharp fingernails.
You have sharp toenails.
A weak demonic guardian rushes to your aid.
You sometimes gain power by taking damage.


Message History

The ogre is lightly wounded.
The ogre hits you with a giant club!!
* * * LOW HITPOINT WARNING * * *
You feel sick.
Your quasit barely misses the ogre.
Your quasit closely misses the ogre.
Your quasit claws the ogre.
Your quasit bites the ogre.
Your quasit claws the ogre.
Your quasit claws the ogre.
You feel sick.
Found a scroll of identify.
Your quasit bites the ogre.
Your quasit claws the ogre but does no damage.
Your quasit claws the ogre.
You feel sick.
You are no longer poisoned.
Your quasit bites the ogre but does no damage.
Your quasit completely misses the ogre.
Your quasit claws the ogre.
The ogre hits you with a giant club!
You die...
Your body crumbles into a pile of gold.

#.# ###.# #...# #.
.... #...
#.#######
#..###.....5.#
#......#####.#
##.##.....##O#
#..#.5.#.##@#
#.#...#....#
#..........#
##..........
#$#.#####.# #...##
#.. ##...# #####
########.#.#......
##............###


You could see an ogre and a friendly quasit.

Vanquished Creatures
  The ghost of Chiseanne the Covered, an experienced DsWn of Gozag (D:6)
  A hippogriff (D:8)
  Duvessa (D:4)
  2 sky beasts (D:7)
  An orc warrior (D:7)
  The ghost of FIQ the Covered, an average DDFi (D:4)
  2 ogres
  A phantom (D:5)
  3 centaurs
  A crocodile (D:7)
  A big kobold (Sewer)
  The ghost of Promi the Magician, an average DEWz (D:3)
  A giant frog (D:7)
  4 scorpions
  2 wights (D:6)
  A crimson imp (D:6)
  A wasp zombie (D:5)
  A jelly (D:5)
  3 orc priests
  2 centaur skeletons (D:7)
  2 hounds
  2 orc wizards (D:7)
  A giant frog skeleton (D:6)
  7 worker ants
  2 iguanas
  4 gnolls (D:7)
  A river rat (Sewer)
  2 shadow imps
  6 adders
  3 oozes
  7 worms
  5 giant geckos
  17 orcs
  5 giant cockroaches
  13 hobgoblins
  8 jackals
  17 kobolds
  2 quokkas
  2 ball pythons
  15 bats
  A giant gecko skeleton (D:6)
  7 giant newts
  17 goblins
  A jackal skeleton (D:4)
  6 rats
184 creatures vanquished.

Vanquished Creatures (collateral kills)
  An ogre (D:5)
  A centaur (D:6)
  A giant frog (D:5)
  Dowan (D:4)
  A scorpion (D:4)
  2 wights (D:6)
  A crimson imp (D:4)
  A hound (D:4)
  A hound skeleton (D:4)
  An orc (D:4)
  2 bats
  2 jackals (Sewer)
  4 kobolds
19 creatures vanquished.

Vanquished Creatures (others)
  A crimson imp (D:6)
1 creature vanquished.

Grand Total: 204 creatures vanquished

Notes
Turn   | Place    | Note
--------------------------------------------------------------
     0 | D:1      | Chiseanne the Demonspawn Wanderer began the quest for the Orb.
     0 | D:1      | Chiseanne set off with: a +2 hand axe, Lee's Catalogue of Arcane Weapons and the Birds, a potion of lignification, a +0 robe, a bread ration
     0 | D:1      | Reached XP level 1. HP: 16/16 MP: 1/1
     2 | D:1      | Identified Lee's Catalogue of Arcane Weapons and the Birds
   351 | D:1      | Gained mutation: You sometimes gain a little power by taking damage. [demonic ancestry]
   351 | D:1      | Reached XP level 2. HP: 18/23 MP: 2/2
   530 | D:1      | Reached skill level 3 in Fighting
  1045 | D:2      | Gained mutation: You have sharp toenails. [demonic ancestry]
  1045 | D:2      | Reached XP level 3. HP: 24/29 MP: 3/3
  1048 | D:2      | Found a blossoming altar of Fedhas.
  1146 | D:2      | Found a sacrificial altar of Ru.
  1155 | D:2      | Found a deep blue altar of Sif Muna.
  1156 | D:2      | Found a sparkling altar of Nemelex Xobeh.
  1156 | D:2      | Found a snail-covered altar of Cheibriados.
  1156 | D:2      | Found a blossoming altar of Fedhas.
  1170 | D:2      | Found a glowing golden altar of the Shining One.
  1171 | D:2      | Found an iron altar of Okawaru.
  1418 | D:2      | Reached skill level 4 in Fighting
  1761 | D:3      | Gained mutation: A weak demonic guardian rushes to your aid. [demonic ancestry]
  1761 | D:3      | Reached XP level 4. HP: 36/38 MP: 4/4
  1844 | D:3      | Noticed Promi's ghost (average DEWz)
  2083 | D:3      | Killed Promi's ghost
  2083 | D:3      | Reached skill level 5 in Fighting
  2152 | D:3      | Found a glowing golden altar of the Shining One.
  2369 | D:3      | Reached XP level 5. HP: 44/44 MP: 5/5
  2510 | D:3      | Found a bloodstained altar of Trog.
  2628 | D:4      | Noticed FIQ's ghost (average DDFi)
  2807 | D:4      | Reached skill level 6 in Fighting
  2813 | D:4      | Found a staircase to the Ecumenical Temple.
  2877 | Temple   | Entered the Ecumenical Temple
  2885 | Temple   | Became a worshipper of Gozag Ym Sagoz the Greedy
  2978 | D:4      | Noticed Duvessa
  2981 | D:4      | Noticed Dowan
  2999 | D:4      | Killed Duvessa
  2999 | D:4      | Reached XP level 6. HP: 34/53 MP: 6/6
  3011 | D:4      | Killed Dowan
  3156 | D:4      | Found a glowing drain.
  3172 | D:4      | Killed FIQ's ghost
  3172 | D:4      | Reached skill level 7 in Fighting
  3183 | Sewer    | Entered a sewer
  3312 | Sewer    | Found a white marble altar of Elyvilon.
  3541 | D:4      | Reached XP level 7. HP: 47/61 MP: 7/7
  3584 | D:4      | Found a glowing silver altar of Zin.
  3723 | D:5      | Entered Level 5 of the Dungeon
  3847 | D:5      | Found a shattered altar of Ashenzari.
  3891 | D:5      | Reached skill level 8 in Fighting
  4410 | D:5      | Reached skill level 9 in Fighting
  4699 | D:5      | HP: 2/64 [wasp zombie (9)]
  4705 | D:5      | Gained mutation: You sometimes gain power by taking damage. [demonic ancestry]
  4705 | D:5      | Reached XP level 8. HP: 15/71 MP: 8/8
  5168 | D:6      | Noticed Chiseanne's ghost (experienced DsWn)
  5511 | D:6      | Found a stormy altar of Qazlal.
  5701 | D:6      | Reached skill level 10 in Fighting
  5876 | D:6      | Reached skill level 1 in Armour
  6770 | D:6      | Killed Chiseanne's ghost
  6770 | D:6      | Reached skill level 5 in Armour
  6972 | D:7      | Gained mutation: You have sharp fingernails. [demonic ancestry]
  6972 | D:7      | Reached XP level 9. HP: 45/78 MP: 9/9
  7038 | D:7      | Found a white marble altar of Elyvilon.
  7040 | D:7      | Noticed a centaur skeleton
  7106 | D:7      | Killed a centaur skeleton
  7647 | D:7      | Found Pisom's Gadget Boutique.
  7718 | D:7      | Bought a wand of hasting (6) for 720 gold pieces
  7718 | D:7      | Bought a box of beasts for 240 gold pieces
  8383 | D:8      | Slain by an ogre

Vault maps used:
D:1:      zelgadis_glass_arrival_small, serial_bayou, serial_bayou_ford_a,
          serial_bayou_pond_d, serial_bayou_pond_d, serial_bayou_shore_a
D:2:      minitemple, fedhas_altar_4
D:3:      lightli_temple_of_fire, nrook_mini_backslash, tso_metal_star
D:4:      zin_statuary, minmay_temple_entry_large_hall, gup_sewer_entry_bowl,
          uniq_duvessa
D:5:      ashenzari_conservatory_becter, first_bread, amalloy_card_club
D:6:      nicolae_qazlal_eye_of_the_storm
D:7:      nicolae_overflow_hidden_temple, serial_shops,
          nicolae_shop_window_shopping
D:8:      basic_altar
Temple:   nicolae_temple_no_exploring_needed
Sewer:    sewer_kobolds

Action                   |  1- 3 |  4- 6 |  7- 9 || total
-------------------------+-------+-------+-------++-------
Melee: Hand axe          |   143 |   163 |   234 ||   540
       Flail             |       |       |   211 ||   211
 Fire: Blowgun           |       |       |    39 ||    39
Throw: Tomahawk          |       |       |    26 ||    26
Invok: Potion Petition   |       |     1 |       ||     1
Evoke: Wand              |       |       |    10 ||    10
  Use: Scroll            |       |     9 |     4 ||    13
       Potion            |       |     1 |     5 ||     6
 Stab: Distracted        |       |     3 |     2 ||     5
       Sleeping          |       |     1 |       ||     1
       Invisible         |       |       |     1 ||     1
  Eat: Chunk             |     4 |     5 |       ||     9
       Fruit             |       |     5 |     1 ||     6
       Beef jerky        |       |     2 |       ||     2
       Bread ration      |       |       |     4 ||     4
